 Dungeon Crawl Stone Soup version 0.31-a0-95-g6fa058ef04 (webtiles) character file.

Game seed: 11484839545331846796

130 IdlyInterested the Trooper (level 4, 0/37 HPs)
             Began as a Demonspawn Wanderer on May 25, 2023.
             Slain by Pikel
             ... wielding a +2 whip of flaming
              (1 damage)
             ... on level 4 of the Dungeon.
             The game lasted 00:06:03 (1713 turns).

IdlyInterested the Trooper (Demonspawn Wanderer)    Turns: 1713, Time: 00:06:03

Health: 0/37       AC: 14    Str: 14    XL:     4   Next: 89%
Magic:  4/4        EV:  7    Int: 10    God:
Gold:   158        SH:  5    Dex: 16    Spells: 3/3 levels left

rFire   + . .        b - +0 falchion
rCold   . . .        (no shield)
rNeg    . . .        l - +0 chain mail
rPois   .            (no helmet)
rElec   .            (no cloak)
rCorr   .            (no gloves)
SInv    .            (no boots)
Will    .....        i - amulet of reflection Stlth
                     m - +4 ring of protection
HPRegen 0.26/turn    r - ring of protection from fire
MPRegen 0.09/turn

%: reflection
@: no status effects
A: claws 1, thin metallic scales 1
a: no special abilities


You were on level 4 of the Dungeon.
You visited 1 branch of the dungeon, and saw 4 of its levels.

You collected 158 gold pieces.

Inventory:

Hand Weapons
 a - a +3 quarterstaff
 b - a +0 falchion (weapon)
 s - a +0 rapier
Missiles
 f - 31 stones (quivered)
Armour
 d - a +0 leather armour
 l - a +0 chain mail (worn)
Jewellery
 i - an amulet of reflection (around neck)
 m - a +4 ring of protection (left claw)
 r - a ring of protection from fire (right claw)
Wands
 h - a wand of quicksilver (5)
Scrolls
 c - a scroll of blinking
 e - a scroll of teleportation
 j - 2 scrolls of poison
 k - a scroll of identify {unknown}
 n - a scroll of fog {unknown}
 p - a scroll of enchant weapon {unknown}
 q - a scroll of magic mapping {unknown}
Potions
 g - a potion of enlightenment {unknown}
 o - a potion of ambrosia {unknown}


   Skills:
 * Level 4.2 Fighting
 + Level 2.0 Long Blades
 - Level 3.6 Staves
 - Level 1.0 Throwing
 - Level 1.0 Armour
 - Level 1.0 Dodging
 - Level 1.0 Stealth
 + Level 0.7 Unarmed Combat
 - Level 1.0 Evocations


You had 3 spell levels left.
You didn't know any spells.
Your spell library was empty.

Dungeon Overview and Level Annotations

Branches:
Dungeon (4/15)
 Temple: D:4-7

Altars:
Nemelex Xobeh

Annotations:
D:4 Pikel


Innate Abilities, Weirdness & Mutations

You have sharp fingernails.
You are partially covered in thin metallic scales. (AC +2)


Message History

Pikel barely misses you.
You hit Pikel.
Pikel is heavily wounded.
Pikel hits you but does no damage. Pikel closely misses you.
You barely miss Pikel.
Pikel is heavily wounded.
Pikel hits you with a +2 whip of flaming.
You closely miss Pikel. Your claw misses Pikel.
Pikel is heavily wounded.
Pikel hits you with a +2 whip of flaming.
Pikel burns you.
You hit Pikel.
Pikel is severely wounded.
You block Pikel's attack.
You barely miss Pikel.
Pikel is severely wounded.
Pikel hits you with a +2 whip of flaming!
* * * LOW HITPOINT WARNING * * *
Pikel burns you.
* * * LOW HITPOINT WARNING * * *
You barely miss Pikel.
Pikel is severely wounded.
Pikel closely misses you. Pikel hits you but does no damage.
You barely miss Pikel.
Pikel is heavily wounded.
Pikel hits you with a +2 whip of flaming.
* * * LOW HITPOINT WARNING * * *
You hit Pikel.
Pikel is severely wounded.
Pikel closely misses you.
You hit Pikel but do no damage.
Pikel is severely wounded.
Pikel hits you with a +2 whip of flaming.
* * * LOW HITPOINT WARNING * * *
You closely miss Pikel.
Pikel is severely wounded.
Pikel hits you with a +2 whip of flaming.
* * * LOW HITPOINT WARNING * * *
Pikel burns you.
You die...

#+# #@#
#####K# #?#
#...55#.....
#<...5...#
#.....h.....#
#.....#.#####
#.....#.#
#!...##.#
#....# .


You could see Pikel, 3 lemures and a jackal.

Vanquished Creatures
  A hound (D:3)
  Ijyb (D:3)
  2 adders (D:3)
  A worm (D:2)
  3 endoplasms
  A giant cockroach (D:1)
  2 goblins
  3 hobgoblins
  5 jackals
  6 quokkas
  11 ball pythons
  5 bats
  2 frilled lizards
  7 kobolds
  5 rats
55 creatures vanquished.

Notes
Turn   | Place    | Note
-------+----------+-------------------------------------------
     0 | D:1      | IdlyInterested the Demonspawn Wanderer began the quest for
                  | the Orb.
     0 | D:1      | IdlyInterested set off with the following items: a +3
                  | quarterstaff, a +0 falchion, a scroll of blinking, a +0
                  | leather armour.
     0 | D:1      | Reached XP level 1. HP: 16/16 MP: 1/1
   103 | D:1      | Gained mutation: You are partially covered in thin metallic
                  | scales. (AC +2) [demonic ancestry]
   103 | D:1      | Reached XP level 2. HP: 22/23 MP: 2/2
   189 | D:1      | Reached skill level 1 in Evocations
   365 | D:1      | Reached skill level 3 in Fighting
   531 | D:2      | Reached XP level 3. HP: 28/29 MP: 3/3
   707 | D:2      | Reached skill level 1 in Stealth
   823 | D:2      | Found a sparkling altar of Nemelex Xobeh.
  1101 | D:3      | Noticed Ijyb
  1115 | D:3      | Killed Ijyb
  1116 | D:3      | Reached skill level 1 in Dodging
  1116 | D:3      | Gained mutation: You have sharp fingernails. [demonic
                  | ancestry]
  1116 | D:3      | Reached XP level 4. HP: 17/37 MP: 4/4
  1293 | D:3      | Reached skill level 4 in Fighting
  1678 | D:4      | Noticed Pikel
  1678 | D:4      | Noticed a lemure
  1678 | D:4      | Noticed a lemure
  1678 | D:4      | Noticed a lemure
  1678 | D:4      | Noticed a lemure
  1713 | D:4      | HP: 1/37 [Pikel/+2 whip of flaming (4)]
  1713 | D:4      | Slain by Pikel

Illustrated notes

Levels and vault maps discovered:
D:1:      lightli_arrival_windingriver, layout_rooms
D:2:      layout_rooms, basic_altar
D:3:      layout_rooms, kennysheep_cluttered_room, chequers_avenue, uniq_ijyb
D:4:      gammafunk_wand_slinger, layout_basic, xom_butterflies,
          gammafunk_temple_overflow_elements,
          mainiacjoe_overflow_catch_the_wave, gammafunk_ghost_necromancy,
          serial_shops, nicolae_shop_tiny_waterfront,
          kennysheep_generic_room_12, uniq_grinder, uniq_robin, uniq_pikel

Skill      XL: |  1  2  3  4 |
---------------+-------------+-----
Evocations     | 1 |  1.0
Fighting       | 3 4 |  4.2
Stealth        | 1 |  1.0
Dodging        | 1 |  1.0
Long Blades    | 2 |  2.0
Staves         | |  3.6
Throwing       | |  1.0
Armour         | |  1.0
Unarmed Combat | |  0.7

Action                     |  1- 3 |  4- 6 || total
---------------------------+-------+-------++-------
  Melee: Quarterstaff      |   119 |       ||   119
         Falchion          |       |    44 ||    44
  Throw: Stone             |     4 |       ||     4
    Use: Potion            |     3 |       ||     3
         Scroll            |     2 |       ||     2
 Armour: Leather armour    |     6 |       ||     6
         Chain mail        |    60 |    28 ||    88
  Dodge: Dodged            |    42 |    11 ||    53
  Block: Other             |    19 |    10 ||    29
         Reflection        |     1 |       ||     1

Table legend: (Time is in decaauts)
 A = Elapsed time spent in this place.
 B = Non-inter-level travel time spent in this place.
 C = Inter-level travel time spent in this place.
 D = Time resting spent in this place.
 E = Time spent auto-exploring this place.
 F = Levels seen in this place.
 G = Mean time per level.
                   A        B        C        D        E       F      G
               +--------+--------+--------+--------+--------+-----+--------+
         Total |   1738 |   1538 |    200 |     34 |    873 |   4 |  434.5 |
       Dungeon |   1738 |   1538 |    200 |     34 |    873 |   4 |  434.5 |
               +--------+--------+--------+--------+--------+-----+--------+

Top non-repeatable levels by time:
     D:3: 673 daAuts
     D:2: 548 daAuts
     D:1: 476 daAuts
     D:4: 40 daAuts
